 Dungeon Crawl Stone Soup version 0.29.1-13-g9f3cf754e1 (webtiles) character file.

Game seed: 17929121403502441256

77 leafyfresh the Covert (level 4, -5/41 HPs)
             Began as a Gnoll Delver on Feb 7, 2023.
             Killed from afar by Natasha (7 damage)
             ... with a magic dart
             ... on level 2 of the Dungeon.
             The game lasted 00:01:45 (1132 turns).

leafyfresh the Covert (Gnoll Delver)                Turns: 1132, Time: 00:01:47

Health: -5/41      AC:  7    Str: 12    XL:     4   Next: 34%
Magic:  0/5        EV: 12    Int:  9    God:
Gold:   31         SH:  0    Dex: 15    Spells: 5/5 levels left

rFire   . . .      SeeInvis .   h - +3 short sword
rCold   . . .      Faith    .   (no shield)
rNeg    . . .      Spirit   +   i - +0 ring mail
rPois   .          Reflect  .   o - +0 helmet
rElec   .          Harm     .   t - +0 cloak
rCorr   .          Rampage  .   (no gloves)
Will    .....                   (no boots)
Stlth   ++++......              q - amulet of guardian spirit
HPRegen 0.13/turn               (no ring)
MPRegen 0.09/turn               (no ring)

@: slowed, very slow
A: fangs 1, strong nose, distributed training
a: no special abilities


You were on level 2 of the Dungeon.
You visited 1 branch of the dungeon, and saw 4 of its levels.

You collected 31 gold pieces.

Inventory:

Hand Weapons
 a - a +0 spear
 h - a +3 short sword (weapon)
Armour
 b - a +0 leather armour
 i - a +0 ring mail (worn)
 o - a +0 helmet (worn)
 t - a +0 cloak (worn)
Jewellery
 q - an amulet of guardian spirit (around neck)
Wands
 g - a wand of digging (3)
Scrolls
 c - a scroll of fog
 d - a scroll of magic mapping
 e - 2 scrolls of fear
 j - a scroll of identify {unknown}
 k - a scroll of noise {unknown}
 m - a scroll of silence {unknown}
 r - 2 scrolls of amnesia {unknown}
Potions
 f - a potion of haste
 l - a potion of degeneration {unknown}
 n - a potion of brilliance {unknown}
 p - 3 potions of lignification {unknown}
 s - a potion of curing {unknown}


   Skills:
 + Level 6.6 Fighting
 + Level 1.1 Short Blades
 + Level 1.1 Long Blades
 + Level 1.1 Axes
 + Level 1.1 Maces & Flails
 + Level 4.6 Polearms
 + Level 1.1 Staves
 + Level 1.1 Ranged Weapons
 + Level 1.1 Throwing
 + Level 1.1 Armour
 + Level 4.6 Dodging
 + Level 9.6 Stealth
 + Level 1.1 Shields
 + Level 1.1 Unarmed Combat
 + Level 1.1 Spellcasting
 + Level 0.9 Conjurations
 + Level 0.9 Hexes
 + Level 0.9 Summonings
 + Level 0.9 Necromancy
 + Level 0.9 Translocations
 + Level 0.9 Transmutations
 + Level 0.9 Fire Magic
 + Level 0.9 Ice Magic
 + Level 0.9 Air Magic
 + Level 0.9 Earth Magic
 + Level 0.9 Poison Magic
 + Level 1.2 Invocations
 + Level 1.1 Evocations


You had 5 spell levels left.
You didn't know any spells.
Your spell library contained the following spells:

 Spells                   Type           Power      Damage    Failure   Level
 Slow                     Hex            8%         N/A       50%         1
 Confusing Touch          Hex            2%         N/A       86%         3
 Vampiric Draining        Necr           2%         2d6       86%         3


Dungeon Overview and Level Annotations

Branches:
Dungeon (5/15)
 Temple: D:4-7

Altars:
Kikubaaqudgha

Shops:
D:4 (

Annotations:
D:2 Natasha


Innate Abilities, Weirdness & Mutations

You have very sharp teeth.
Your uncanny sense of smell can sniff out nearby items.
Your experience applies equally to all skills.


Message History

Unknown command.
You closely miss Natasha. Natasha casts a spell at you.
You feel yourself slow down. The goblin barely misses you.
The white imp grinds its teeth.
The white imp gestures at you. The puff of frost hits you.
Unknown command.
You hit Natasha but do no damage. Your bite misses Natasha. Natasha claws you.
The goblin hits you but does no damage. The white imp gestures at you.
The puff of frost hits you.
* * * LOW HITPOINT WARNING * * *
Natasha claws you.
* * * LOW HITPOINT WARNING * * *
The goblin hits you but does no damage.
You miss Natasha. The white imp misses you.
Natasha claws you but does no damage. The goblin hits you but does no damage.
The white imp hits you but does no damage.
Natasha casts a spell at you.
You feel as though you will be slow longer.
The goblin hits you with a +0 club.
* * * LOW HITPOINT WARNING * * *
You barely miss Natasha.
The crimson imp summons a swarm of flies.
The white imp gestures at you. The puff of frost misses you.
The puff of frost hits the goblin!
The goblin dies!
Natasha claws you but does no damage. The white imp hits you.
* * * LOW HITPOINT WARNING * * *
The white imp freezes you.
* * * LOW HITPOINT WARNING * * *
Unknown command.
Natasha attacks as you move away! Natasha claws you.
* * * LOW HITPOINT WARNING * * *
The white imp gestures at you. The puff of frost misses you.
Natasha stares at you and mumbles some strange words.
The magic dart hits you!
You die...

######.# #.# ###.).(..# #.#
#.....#### #.# ### #.....#
#.## ..# #.....# #... #.#
###.### #### #.# #.#######
#. ###h#####.##....####. #
#555@................ #.##
#.#.####........####.
.....##.#w####.####..## #.
...#?.!.#......#......####.
>............#)#.####......
......†....#.#.#....#..###.
...5.......#.#..).#.#..# #.
...........#.####.#.#..# #.
...........#......#...####.


You could see a worm, Natasha, 2 crimson imps and a white imp (summoned).

Vanquished Creatures
  Natasha (D:2)
  2 adders (D:2)
  A worm (D:2)
  2 dart slugs (D:2)
  3 bats (D:2)
  3 endoplasms (D:2)
  A giant cockroach (D:3)
  A goblin (D:3)
  2 hobgoblins
  2 jackals (D:2)
  4 kobolds
  2 quokkas
  2 frilled lizards (D:2)
  2 rats (D:2)
28 creatures vanquished.

Vanquished Creatures (others)
  A goblin (D:2)
1 creature vanquished.

Grand Total: 29 creatures vanquished

Notes
Turn   | Place    | Note
-------+----------+-------------------------------------------
     0 | D:5      | Reached skill level 9 in Stealth
     0 | D:5      | leafyfresh the Gnoll Delver began the quest for the Orb.
     0 | D:5      | Reached XP level 1. HP: 23/23 MP: 1/1
    26 | D:5      | Noticed a hound
    32 | D:4      | Found Nahugg's Weapon Boutique.
    35 | D:4      | Noticed an iguana
   278 | D:3      | Reached XP level 2. HP: 29/29 MP: 2/2
   340 | D:2      | Noticed Natasha
   347 | D:2      | Killed Natasha
   348 | D:2      | Reached skill level 1 in Invocations
   348 | D:2      | Reached XP level 3. HP: 35/35 MP: 2/4
   402 | D:2      | Reached skill level 1 in Short Blades
   402 | D:2      | Reached skill level 1 in Long Blades
   402 | D:2      | Reached skill level 1 in Axes
   402 | D:2      | Reached skill level 1 in Maces & Flails
   402 | D:2      | Reached skill level 1 in Staves
   402 | D:2      | Reached skill level 1 in Ranged Weapons
   402 | D:2      | Reached skill level 1 in Throwing
   402 | D:2      | Reached skill level 1 in Armour
   402 | D:2      | Reached skill level 1 in Shields
   402 | D:2      | Reached skill level 1 in Unarmed Combat
   402 | D:2      | Reached skill level 1 in Spellcasting
   402 | D:2      | Reached skill level 1 in Evocations
   621 | D:2      | Found an ancient bone altar of Kikubaaqudgha.
   642 | D:2      | Reached XP level 4. HP: 37/41 MP: 5/5
  1109 | D:2      | Noticed Natasha
  1132 | D:2      | HP: 2/41 [Natasha (3)]
  1132 | D:2      | Killed from afar by Natasha

Illustrated notes

Levels and vault maps discovered:
D:2:      layout_basic, basic_altar, minmay_heptomino_l4, uniq_natasha
D:3:      layout_basic, kennysheep_nondescript, uniq_sigmund
D:4:      layout_basic, tso_metal_star, serial_shops, shop_statue, uniq_ijyb
D:5:      layout_loops_cross, nicolae_gozag_cash_rules_everything_around_me,
          mainiacjoe_overflow_catch_the_wave

Skill      XL: |  1  2  3 |
---------------+----------+-----
Stealth        | |  9.6
Invocations    | 1 |  1.2
Short Blades   | 1 |  1.1
Long Blades    | 1 |  1.1
Axes           | 1 |  1.1
Maces & Flails | 1 |  1.1
Staves         | 1 |  1.1
Ranged Weapons | 1 |  1.1
Throwing       | 1 |  1.1
Armour         | 1 |  1.1
Shields        | 1 |  1.1
Unarmed Combat | 1 |  1.1
Spellcasting   | 1 |  1.1
Evocations     | 1 |  1.1
Fighting       | |  6.6
Polearms       | |  4.6
Dodging        | |  4.6
Conjurations   | |  0.9
Hexes          | |  0.9
Summonings     | |  0.9
Necromancy     | |  0.9
Translocations | |  0.9
Transmutations | |  0.9
Fire Magic     | |  0.9
Ice Magic      | |  0.9
Air Magic      | |  0.9
Earth Magic    | |  0.9
Poison Magic   | |  0.9

Action                   |  1- 3 |  4- 6 || total
-------------------------+-------+-------++-------
Melee: Spear             |    10 |       ||    10
       Short sword       |    39 |    44 ||    83
       Bite              |     3 |     1 ||     4
       Punch             |     1 |       ||     1
 Stab: Sleeping          |     4 |     7 ||    11
Armor: Leather armour    |     8 |       ||     8
       Ring mail         |     3 |    23 ||    26
Dodge: Dodged            |    30 |    37 ||    67
